 Dungeon Crawl Stone Soup version 0.28.0-53-g5a82cb258f (webtiles) character file.

Game seed: 17752445355756177091

7621 buhh the Frost Mage (level 11, -19/90 HPs)
             Began as an Octopode Transmuter on June 17, 2022.
             Was a Believer of Cheibriados.
             Demolished by a komodo dragon (20 damage)
             ... on level 2 of the Lair of Beasts.
             The game lasted 00:38:44 (14043 turns).

buhh the Frost Mage (Octopode Transmuter)          Turns: 14043, Time: 00:38:44

Health: -19/90     AC: 19    Str: 13    XL:     11   Next: 18%
Magic:  7/15       EV: 10    Int: 25    God:    Cheibriados [**....]
Gold:   581        SH:  0    Dex: 22    Spells: 3/16 levels left

rFire   x . .      SeeInvis .     - Unarmed
rCold   + + +      Faith    .   (shield currently unavailable)
rNeg    . . .      Spirit   .   (helmet currently unavailable)
rPois   +          Reflect  .   (no amulet)
rElec   .          Harm     .   a - ring of protection from cold
rCorr   .          Rampage  .   j - +6 ring of dexterity
Will    .....                   (no ring)
Stlth   ++........              (no ring)
HPRegen 0.25/turn               (no ring)
MPRegen 0.14/turn               (no ring)
                                (no ring)
                                (no ring)

@: ice-armoured, ice-form, very slow
A: freezing attack, boosted hp, almost no armour, amphibious, 8 rings, large,
(camouflage 1), (gelatinous body 1), (nimble swimmer 1), (tentacles)
a: End Transformation, Renounce Religion, Bend Time


You were on level 2 of the Lair of Beasts.
You worshipped Cheibriados.
Cheibriados was pleased with you.
You were a creature of crystalline ice.
You visited 3 branches of the dungeon, and saw 11 of its levels.

You collected 581 gold pieces.

Inventory:

Missiles
 b - 6 poisoned darts
 c - a throwing net {!f}
Jewellery
 a - a ring of protection from cold (left front paw)
 j - a +6 ring of dexterity (right front paw)
Wands
 f - a wand of flame (39)
 m - a wand of polymorph (11)
 n - a wand of mindburst (20)
 D - a wand of acid (12)
 F - a wand of iceblast (8)
Scrolls
 e - a scroll of vulnerability
 g - a scroll of identify {!d}
 t - 2 scrolls of teleportation {!d}
 R - a scroll of torment
Potions
 d - 2 potions of heal wounds {unknown}
 i - 2 potions of degeneration
 k - a potion of ambrosia {unknown}
 l - 3 potions of lignification {!d}
 K - a potion of brilliance {!q!d}
 O - a potion of haste {!q!d}


   Skills:
 * Level 7.1 Fighting
 - Level 2.0 Dodging
 - Level 1.0 Stealth
 * Level 7.1 Unarmed Combat
 - Level 3.0 Spellcasting
 - Level 8.0 Transmutations
 - Level 10.0 Ice Magic
 - Level 6.0 Invocations


You had 3 spell levels left.
You knew the following spells:

 Your Spells              Type           Power      Damage    Failure   Level
a - Beastly Appendage     Tmut           86%        N/A       1%          1
b - Wereblood             Tmut           43%        N/A       1%          2
c - Spider Form           Tmut/Pois      23%        N/A       6%          3
d - Ozocubu's Armour      Ice            52%        N/A       1%          3
e - Ice Form              Ice/Tmut       48%        N/A       2%          4

Your spell library contained the following spells:

 Spells                   Type           Power      Damage    Failure   Level
 Frozen Ramparts          Ice            100%       1d12      1%          3
 Shock                    Conj/Air       12%        1d3       10%         1
 Call Canine Familiar     Summ           3%         N/A       30%         3
 Gell's Gravitas          Tloc           3%         N/A       30%         3
 Lesser Beckoning         Tloc           3%         N/A       30%         3
 Portal Projectile        Hex/Tloc       6%         N/A       30%         3
 Summon Guardian Golem    Hex/Summ       3%         N/A       30%         3
 Swiftness                Air            3%         N/A       30%         3
 Teleport Other           Tloc           3%         N/A       30%         3
 Summon Ice Beast         Ice/Summ       28%        N/A       13%         4
 Metabolic Englaciation   Hex/Ice        14%        N/A       34%         5
 Airstrike                Air            1%         N/A       69%         4
 Leda's Liquefaction      Hex/Erth       1%         N/A       69%         4
 Simulacrum               Ice/Necr       14%        N/A       89%         6
 Orb of Destruction       Conj           1%         9d5       100%        7
 Spellforged Servitor     Conj/Summ      1%         N/A       100%        7


Dungeon Overview and Level Annotations

Branches:
Dungeon (8/15)             Temple (1/1) D:5            Lair (2/6) D:8
  Swamp: Lair:2-4    Shoals: Lair:2-4     Snake: Lair:2-4    Spider: Lair:2-4

Altars:
Ashenzari
Cheibriados
Dithmenos
Elyvilon
Fedhas
Gozag
Hepliaklqana
Kikubaaqudgha
Makhleb
Nemelex Xobeh
Okawaru
Qazlal
Ru
Sif Muna
Trog
Uskayaw
Vehumet
Wu Jian
Xom
Yredelemnul
Zin
The Shining One

Annotations:
D:4 2 runed translucent doors, exclusion: 2 doors, Wentworth's ghost, novice DrIE
D:8 Maggie


Innate Abilities, Weirdness & Mutations

You are a creature of crystalline ice.
You have a powerful freezing melee attack.
Your maximum health is increased.
Your armour is entirely melded.
You are incapable of wielding weapons or throwing items.
You cannot wear most types of armour.
You are amphibious.
You can wear up to eight rings at the same time.
((Your skin changes colour to match your surroundings (Stealth+).))
((Your rubbery body absorbs attacks. (AC +1, EV +1)))
((You are camouflaged when in or above water. (Stealth+)))
((You have tentacles for arms and can constrict up to eight enemies at once.))


Message History

Cheibriados thoroughly appreciates the change of pace.
The yak gores you.
You hit the komodo dragon. You freeze the komodo dragon.
The komodo dragon is lightly wounded.
The komodo dragon barely misses you.
You punch the komodo dragon!
The komodo dragon seems to slow down.
You freeze the komodo dragon.
The komodo dragon is moderately wounded.
The yak gores you but does no damage.
You hit the komodo dragon but do no damage.
The komodo dragon is moderately wounded.
The yak gores you. The komodo dragon bites you!!
You punch the komodo dragon! You freeze the komodo dragon.
The komodo dragon is severely wounded.
The komodo dragon is no longer moving slowly.
The yak gores you! The komodo dragon bites you!
* * * LOW HITPOINT WARNING * * *
You hit the komodo dragon.
The komodo dragon seems to slow down.
You freeze the komodo dragon.
The komodo dragon is severely wounded.
The yak gores you!
* * * LOW HITPOINT WARNING * * *
You hit the komodo dragon.
The komodo dragon seems to slow down.
You freeze the komodo dragon.
The komodo dragon is almost dead.
The komodo dragon bites you.
* * * LOW HITPOINT WARNING * * *
The yak gores you.
* * * LOW HITPOINT WARNING * * *
You hit the komodo dragon. You freeze the komodo dragon.
The komodo dragon is almost dead.
The yak closely misses you.
Really quaff
N - a potion of curing {!q!d}?
You feel better. The komodo dragon bites you!
* * * LOW HITPOINT WARNING * * *
The yak closely misses you.
You hit the komodo dragon but do no damage.
The komodo dragon is almost dead.
The komodo dragon bites you!!
You die...

#(.# ...... ##.###
#.#......... #...#
#..#.......
##..####(P.......
##...#.........
##.....(..... P
##.........#.####.#
..#P.....[.###l......
..............YY..#
....#..P....#.#####
..).........####
[...#P.....##
....##.....#
#.......# #......##
#....#.# ##.#####


You could see a komodo dragon (slow) and a yak.

Vanquished Creatures
  Pikel (D:6)
  4 cane toads (Lair:1)
  A black mamba (Lair:1)
  2 rime drakes (Lair:1)
  A komodo dragon (Lair:1)
  A wyvern (Lair:1)
  A steam dragon (D:8)
  6 yaks (Lair:2)
  9 water moccasins
  An orc warrior (D:8)
  3 sky beasts
  An ice beast (D:7)
  2 black bears (D:8)
  2 necrophages
  2 ogres
  3 phantoms
  4 lemures (D:6)
  6 bullfrogs
  4 scorpions
  2 gnoll sergeants (D:8)
  A centaur zombie (D:6)
  2 hounds
  3 orc priests
  A bullfrog skeleton (D:5)
  A gnoll shaman (D:4)
  4 jellies
  7 orc wizards
  Natasha (thrice) (D:2)
  A killer bee zombie (D:5)
  A hound zombie (D:4)
  2 hound skeletons
  6 gnolls
  3 adders
  A shadow imp (D:5)
  2 white imps
  An adder skeleton (D:5)
  3 worms
  2 dart slugs
  30 orcs
  5 ball pythons
  5 bats
  3 giant cockroaches (D:2)
  6 goblins
  10 hobgoblins
  6 jackals (D:1)
  6 quokkas
  3 frilled lizards (D:1)
  7 kobolds
  9 rats
190 creatures vanquished.

Vanquished Creatures (others)
  14 fungi
  28 plants
42 creatures vanquished.

Grand Total: 232 creatures vanquished

Notes
Turn   | Place    | Note
-------+----------+-------------------------------------------
     0 | D:1      | buhh the Octopode Transmuter began the quest for the Orb.
     0 | D:1      | Reached XP level 1. HP: 13/13 MP: 3/3
   207 | D:1      | Reached XP level 2. HP: 17/19 MP: 3/5
   944 | D:1      | Reached XP level 3. HP: 25/25 MP: 4/6
  1209 | D:2      | Found a faded altar of an unknown god.
  1434 | D:2      | Noticed Natasha
  1449 | D:2      | Killed Natasha
  1450 | D:2      | Reached XP level 4. HP: 3/33 MP: 7/7
  1719 | D:2      | Noticed Natasha
  1731 | D:2      | Killed Natasha
  1748 | D:2      | Noticed Natasha
  1773 | D:2      | Killed Natasha
  1774 | D:2      | Reached XP level 5. HP: 29/38 MP: 6/8
  3248 | D:4      | Noticed a phantom
  3505 | D:2      | Learned a level 2 spell: Wereblood
  3509 | D:2      | Learned a level 3 spell: Spider Form
  3836 | D:4      | Found a large runed translucent door.
  3836 | D:4      | Found a large runed translucent door.
  4328 | D:4      | Reached XP level 6. HP: 21/45 MP: 7/9
  5192 | D:4      | Noticed Wentworth's ghost (novice DrIE)
  5459 | D:4      | Reached XP level 7. HP: 46/52 MP: 8/10
  6147 | D:4      | Reached skill level 2 in Ice Magic
  6389 | D:5      | Entered Level 5 of the Dungeon
  6393 | D:5      | Found a staircase to the Ecumenical Temple.
  6404 | D:5      | Reached skill level 3 in Ice Magic
  6673 | D:4      | Learned a level 3 spell: Ozocubu's Armour
  6922 | D:5      | Reached XP level 8. HP: 57/57 MP: 4/11
  6938 | D:5      | Reached skill level 4 in Ice Magic
  7218 | D:5      | Found a bloodstained altar of Trog.
  7496 | D:5      | Found a radiant altar of Vehumet.
  7616 | D:5      | Reached skill level 5 in Ice Magic
  8248 | D:6      | Reached skill level 6 in Ice Magic
  8347 | D:5      | Learned a level 4 spell: Ice Form
  8456 | Temple   | Entered the Ecumenical Temple
  8625 | Temple   | Became a worshipper of Cheibriados the Contemplative
  8977 | D:6      | Noticed Pikel
  9334 | D:6      | Reached skill level 7 in Ice Magic
  9342 | D:6      | Reached XP level 9. HP: 61/62 MP: 6/13
  9723 | D:6      | Found an iron altar of Okawaru.
  9805 | D:6      | Killed Pikel
  9806 | D:6      | Reached skill level 8 in Ice Magic
 10438 | D:7      | Reached * piety under Cheibriados
 11335 | D:8      | Reached XP level 10. HP: 37/68 MP: 8/14
 11764 | D:8      | Noticed Maggie
 12167 | D:8      | Found a staircase to the Lair.
 12434 | Lair:1   | Entered Level 1 of the Lair of Beasts
 12666 | Lair:1   | Noticed a cane toad
 12724 | Lair:1   | Killed a cane toad
 12902 | Lair:1   | Noticed a cane toad
 12950 | Lair:1   | Noticed a cane toad
 12951 | Lair:1   | Noticed a black mamba
 12957 | Lair:1   | Killed a black mamba
 12962 | Lair:1   | Killed a cane toad
 12980 | Lair:1   | Reached skill level 9 in Ice Magic
 13167 | Lair:1   | Noticed a cane toad
 13175 | Lair:1   | Killed a cane toad
 13287 | Lair:1   | Killed a cane toad
 13683 | Lair:1   | Reached XP level 11. HP: 72/72 MP: 7/15
 13756 | Lair:2   | Reached skill level 10 in Ice Magic
 13768 | Lair:2   | Reached ** piety under Cheibriados
 14042 | Lair:2   | HP: 1/90 [komodo dragon (12)]
 14043 | Lair:2   | Demolished by a komodo dragon

Illustrated notes

Levels and vault maps discovered:
D:1:      psy_arrival_dodecagon, layout_loops_ring
D:2:      layout_basic, ebering_ecumenical_altar_webs, uniq_natasha
D:3:      layout_rooms, hangedman_abyss_or_decor_stabs, mrwooster_statue_mirror
D:4:      layout_loops_cross, ebering_ghost_disaster_area, kennysheep_cross_room
D:5:      layout_basic, trog_hazing_becter, mainiacjoe_overflow_small_starburst,
          minmay_temple_entry_sparse_star, due_unseen_surprise
D:6:      layout_layer_cave, amcnicky_altar_gilded, uniq_pikel
D:7:      layout_cave_pools
D:8:      layout_basic, grunt_lair_entry_orc_guard_hut, nicolae_grassy_gnolls,
          uniq_psyche, uniq_maggie, uniq_maurice
Temple:   mainiacjoe_temple_bowtie_tessellation
Lair:1:   layout_chaotic_city, lightli_volcano_entry_magma_tube,
          grunt_forest_small_clearings, grunt_megastairs_1
Lair:2:   layout_misc_corridors, gammafunk_ghost_ooze, serial_bayou_shore_b,
          infiniplex_staircase_pool

Skill      XL: |  1  2  3  4  5  6  7  8  9 10 11 |
---------------+----------------------------------+-----
Stealth        | 1 |  1.0
Fighting       | 2 3 4 5 6 7 |  7.1
Transmutations | 3 5 7 8 |  8.0
Ice Magic      | 3 7 8 9 10 | 10.0
Spellcasting   | 3 |  3.0
Unarmed Combat | 6 7 |  7.1
Invocations    | 6 |  6.0
Dodging        | |  2.0

Action                   |  1- 3 |  4- 6 |  7- 9 | 10-12 || total
-------------------------+-------+-------+-------+-------++-------
Melee: Unarmed           |    78 |   137 |   251 |   131 ||   597
       Constrict         |    21 |    35 |    20 |     1 ||    77
       Kick              |    12 |    51 |    32 |       ||    95
       Punch             |     3 |     3 |     3 |       ||     9
       Tentacles         |     7 |    37 |    31 |       ||    75
 Cast: Beastly Appendage |    21 |    47 |    25 |       ||    93
       Ozocubu's Armour  |       |       |    34 |    10 ||    44
       Spider Form       |       |       |     8 |       ||     8
       Ice Form          |       |       |    20 |    20 ||    40
       Wereblood         |       |       |     2 |     1 ||     3
Evoke: Wand              |       |     2 |     8 |     6 ||    16
  Use: Scroll            |       |     4 |     9 |     5 ||    18
       Potion            |       |       |       |     3 ||     3
 Stab: Sleeping          |     7 |     3 |     1 |       ||    11
Armor: Skin              |     4 |     8 |    82 |    69 ||   163
Dodge: Dodged            |    52 |    56 |   114 |    50 ||   272
